 Dungeon Crawl Stone Soup version 0.29-a0-270-g1586fc07ea (webtiles) character file.

Game seed: 18046896869978571702

185 mopl the Skirmisher (level 5, 0/44 HPs)
             Began as a Palentonga Fighter on Mar 7, 2022.
             Was an Initiate of Qazlal.
             Slain by a gnoll
             ... wielding a +0 spear
              (5 damage)
             ... on level 4 of the Dungeon.
             The game lasted 00:03:31 (2593 turns).

mopl the Skirmisher (Palentonga Fighter)            Turns: 2593, Time: 00:03:32

Health: 0/44       AC:  7    Str: 19    XL:     5   Next: 37%
Magic:  5/5        EV:  7    Int: 14    God:    Qazlal [......]
Gold:   50         SH:  4    Dex: 12    Spells: 4/4 levels left

rFire   . . .      SeeInvis +   a - +0 war axe
rCold   . . .      Faith    .   c - +0 buckler
rNeg    . . .      Spirit   .   b - +0 scale mail
rPois   .          Reflect  .   j - +0 helmet
rElec   .          Harm     .   (no cloak)
rCorr   .          Rampage  .   (no gloves)
Will    .....                   (no barding)
Stlth   ..........              s - amulet of magic regeneration
HPRegen 0.14/turn               t - +6 ring of intelligence
MPRegen 0.49/turn               (no ring)

@: mighty
A: large, rugged brown scales 3, see invisible, deformed body, roll 1, armoured
tail
a: Rolling Charge, Renounce Religion


You were on level 4 of the Dungeon.
You worshipped Qazlal.
Qazlal was noncommittal.
You visited 1 branch of the dungeon, and saw 4 of its levels.

You collected 146 gold pieces.
You spent 96 gold pieces at shops.

Inventory:

Hand Weapons
 a - a +0 war axe (weapon)
Missiles
 q - a silver boomerang
Armour
 b - a +0 scale mail (worn)
 c - a +0 buckler (worn)
 j - a +0 helmet (worn)
Jewellery
 s - an amulet of magic regeneration (around neck)
 t - a +6 ring of intelligence (left hand)
Scrolls
 e - 2 scrolls of amnesia {unknown}
 g - a scroll of magic mapping {unknown}
 h - a scroll of identify {unknown}
 i - 3 scrolls of teleportation {unknown}
 n - a scroll of holy word {unknown}
 o - a scroll of enchant weapon {unknown}
 p - a scroll of fog {unknown}
 r - a scroll of acquirement {unknown}
Potions
 f - a potion of degeneration {unknown}
 k - 2 potions of invisibility {unknown}
 l - a potion of curing {unknown}
 m - 2 potions of cancellation {unknown}


   Skills:
 + Level 3.8 Fighting
 * Level 2.2(3.0) Axes
 - Level 2.9(3.3) Maces & Flails
 + Level 3.1 Armour
 + Level 1.6 Dodging
 - Level 2.4 Shields
 + Level 0.4 Invocations


You had 4 spell levels left.
You didn't know any spells.
Your spell library contained the following spells:

 Spells                   Type           Power      Damage    Failure   Level
 Apportation              Tloc           0%         N/A       71%         1
 Magic Dart               Conj           0%         1d3       71%         1
 Searing Ray              Conj           0%         2d4       85%         2
 Fulminant Prism          Conj/Hex       0%         3d6       100%        4
 Alistair's Intoxication  Tmut/Pois      0%         N/A       100%        5


Dungeon Overview and Level Annotations

Branches:
Dungeon (4/15)
 Temple: D:4-7

Altars:
Elyvilon
Hepliaklqana
Okawaru
Qazlal

Shops:
D:2 *


Innate Abilities, Weirdness & Mutations

You are completely covered in rugged brown scales. (AC +3, +7% HP)
You have supernaturally acute eyesight. (SInv)
Armour fits poorly on your strangely shaped body.
You can roll at nearby foes to attack.
You have a long armoured tail.


Message History

A gnoll comes into view. It is wielding a +0 spear.
The gnoll barely misses you.
You barely miss the gnoll. You barely miss the adder.
The adder barely misses you. The gnoll hits you but does no damage.
The adder barely misses you.
You slash the gnoll!
Your tail-slap misses the gnoll.
The gnoll is severely wounded.
You closely miss the adder. The gnoll hits you with a +0 spear.
The adder bites you. The gnoll hits you but does no damage.
The adder bites you but does no damage.
You hit the gnoll.
You kill the gnoll!
Qazlal accepts your kill.
You miss the adder. The adder barely misses you.
You closely miss the adder. The adder barely misses you.
The adder bites you but does no damage. The adder attacks as you move away!
You block the adder's attack. The adder bites you.
* * * LOW HITPOINT WARNING * * *
You feel very mighty all of a sudden. The gnoll hits you but does no damage.
The adder bites you but does no damage.
You hit the adder.
Your tail-slap misses the adder.
The adder is moderately wounded.
The gnoll hits you from afar with a +0 spear.
* * * LOW HITPOINT WARNING * * *
The adder bites you but does no damage.
The gnoll hits you from afar with a +0 spear.
* * * LOW HITPOINT WARNING * * *
The adder bites you but does no damage.
You miss the adder.
The adder is moderately wounded.
The adder bites you but does no damage.
The gnoll hits you from afar with a +0 spear.
* * * LOW HITPOINT WARNING * * *
The adder bites you but does no damage.
You closely miss the adder.
The adder is moderately wounded.
The gnoll hits you but does no damage. The adder barely misses you.
The gnoll hits you from afar with a +0 spear.
You die...

..###......# #......#
...######### #......#
.#.# #......# #..#
#......# ...# ##...###
.#o# ###.# ...##
#.#####.. #.#.#
###........ ...##
#@......... o#.#
#S#........ ..##
#g#........ #.#
≈≈≈≈≈≈.)#........ .##
######..#........ .# #.#
##.#........ ## #.#
...........
###########.#####.#.#####
...o.o.........og.#


You could see a gnoll and an adder.

Vanquished Creatures
  A scorpion (D:2)
  An iguana (D:4)
  A gnoll (D:4)
  An adder (D:2)
  2 worms
  3 dart slugs (D:1)
  5 orcs
  8 ball pythons
  3 bats
  8 endoplasms
  2 giant cockroaches
  2 goblins
  5 hobgoblins
  5 jackals (D:1)
  3 quokkas
  7 frilled lizards
  4 kobolds
  4 rats
65 creatures vanquished.

Vanquished Creatures (others)
  4 plants (D:1)
  11 withered plants (D:1)
15 creatures vanquished.

Grand Total: 80 creatures vanquished

Notes
Turn   | Place    | Note
-------+----------+-------------------------------------------
     0 | D:1      | mopl the Palentonga Fighter began the quest for the Orb.
     0 | D:1      | Reached XP level 1. HP: 19/19 MP: 1/1
    60 | D:1      | Reached XP level 2. HP: 20/25 MP: 2/2
    62 | D:1      | Reached skill level 1 in Maces & Flails
   289 | D:1      | You fall into a shaft and drop 1 floor!
   310 | D:2      | Reached XP level 3. HP: 31/31 MP: 3/3
   331 | D:2      | Noticed a scorpion
   343 | D:2      | Killed a scorpion
   344 | D:2      | Reached skill level 2 in Maces & Flails
   344 | D:2      | Reached skill level 1 in Dodging
   344 | D:2      | Reached XP level 4. HP: 22/37 MP: 4/4
   798 | D:1      | Found a faded altar of an unknown god.
  1293 | D:2      | Found Peivef's Assorted Antiques.
  1305 | D:2      | Bought a lumpy grey potion for 18 gold pieces
  1305 | D:2      | Bought a bubbling ruby potion for 18 gold pieces
  1305 | D:2      | Bought a scroll labelled FIN TYKHLOAREIL for 20 gold pieces
  1305 | D:2      | Bought a scroll labelled FETTEZYMUE for 20 gold pieces
  1591 | D:2      | Bought a scroll labelled OCAROPR PILA for 20 gold pieces
  1606 | D:3      | Reached skill level 3 in Armour
  1894 | D:3      | Found a white marble altar of Elyvilon.
  1894 | D:3      | Found a hazy altar of Hepliaklqana.
  1962 | D:3      | Reached XP level 5. HP: 44/44 MP: 5/5
  2443 | D:4      | Found an iron altar of Okawaru.
  2451 | D:4      | Found a stormy altar of Qazlal.
  2457 | D:4      | Became a worshipper of Qazlal Stormbringer
  2593 | D:4      | Slain by a gnoll

Illustrated notes

Levels and vault maps discovered:
D:1:      dpeg_arrival_lava_temple_mockup, layout_basic,
          shapermc_ecumenical_altar_flowoftime, serial_park_tiny_pond,
          st_stairs_12
D:2:      layout_basic, serial_shops, shop_statue
D:3:      layout_loops_ring, gammafunk_temple_overflow_pools, minmay_misc_feat_x
D:4:      layout_basic, mainiacjoe_overflow_cross_hatched,
          overflow_temple_1_default, mainiacjoe_overflow_six_doors_small,
          minmay_temple_entry_ruins, portal_sewer_entry_d, hex_medium

Skill      XL: |  1  2  3  4 |
---------------+-------------+-----
Maces & Flails | 1 2 |  2.9
Dodging        | 1 |  1.6
Armour         | 3 |  3.1
Fighting       | |  3.8
Axes           | |  2.2
Shields        | |  2.4
Invocations    | |  0.4

Action                   |  1- 3 |  4- 6 || total
-------------------------+-------+-------++-------
Melee: War axe           |    50 |   134 ||   184
       Tailslap          |     6 |    13 ||    19
  Use: Potion            |       |     1 ||     1
Armor: Scale mail        |    29 |    63 ||    92
Dodge: Dodged            |    26 |    54 ||    80
Block: Buckler           |    11 |    24 ||    35

Table legend: (Time is in decaauts)
 A = Elapsed time spent in this place.
 B = Non-inter-level travel time spent in this place.
 C = Inter-level travel time spent in this place.
 D = Time resting spent in this place.
 E = Time spent auto-exploring this place.
 F = Levels seen in this place.
 G = Mean time per level.
                   A        B        C        D        E       F      G
               +--------+--------+--------+--------+--------+-----+--------+
         Total |   2669 |   2588 |     81 |    119 |   1832 |   4 |  667.2 |
       Dungeon |   2669 |   2588 |     81 |    119 |   1832 |   4 |  667.2 |
               +--------+--------+--------+--------+--------+-----+--------+

Top non-repeatable levels by time:
     D:2: 910 daAuts
     D:3: 804 daAuts
     D:1: 735 daAuts
     D:4: 219 daAuts
